 Dungeon Crawl Stone Soup version 0.19.5 (webtiles) character file.

503 McKennaii the Archer (level 6, 0/37 HPs)
             Began as a High Elf Hunter on May 2, 2017.
             Succumbed to a water moccasin's poison
             ... on level 4 of the Dungeon.
             The game lasted 00:10:46 (4704 turns).

McKennaii the Archer (High Elf Hunter)              Turns: 4704, Time: 00:10:46

Health: 0/37       AC:  8    Str:  8 (11) XL:     6   Next: 96%
Magic:  2/7        EV: 13    Int: 20 (21) God:
Gold:   145        SH:  0    Dex: 14 (17) Spells: 0 memorised, 5 levels left

rFire  . . .     SeeInvis .     b - +0 short sword
rCold  . . .     Gourm    .     m - +2 leather armour {rN+}
rNeg   + . .     Faith    .     (no shield)
rPois  .         Spirit   +     (helmet restricted)
rElec  .         Reflect  .     (no cloak)
rCorr  .         Harm     .     d - +2 pair of gloves
MR     .....                    (no boots)
Stlth  ++........               h - amulet of guardian spirit
                                (no ring)
                                (no ring)

@: brilliant, lethally poisoned (0 -> -21)
A: horns 1, talons 1, frail 1
a: no special abilities


You were on level 4 of the Dungeon.
You were not hungry.

You visited 1 branch of the dungeon, and saw 5 of its levels.

You collected 145 gold pieces.

Inventory:

Hand Weapons
 a - a +1 shortbow
 b - a +0 short sword (weapon)
Missiles
 B - 13 arrows
Armour
 d - a +2 pair of gloves (worn)
 m - a +2 leather armour of positive energy (worn)
 w - a +0 helmet
Jewellery
 h - an amulet of guardian spirit (around neck)
 x - a cursed -3 ring of intelligence {unknown}
 y - a +3 ring of strength {unknown}
 F - an uncursed ring of protection from cold {unknown}
Wands
 H - a wand of lightning (9/15)
Scrolls
 c - 2 scrolls of enchant weapon {unknown}
 g - a scroll of blinking {unknown}
 k - 2 scrolls of remove curse {unknown}
 n - a scroll of fog {unknown}
 o - 4 scrolls of amnesia {unknown}
 p - a scroll of random uselessness {unknown}
 q - 3 scrolls of identify {unknown}
 r - a scroll of magic mapping {unknown}
 t - 2 scrolls of immolation {unknown}
 u - a scroll of teleportation {unknown}
 v - a scroll of noise {unknown}
 A - a scroll of enchant armour {unknown}
Potions
 e - a potion of brilliance
 s - a potion of degeneration
 C - a potion of flight {unknown}
 D - a potion of heal wounds {unknown}
 E - a potion of mutation
Comestibles
 f - 4 bread rations
 i - 2 beef jerkies
 j - 2 meat rations
 l - 2 slices of pizza
 z - a royal jelly
 G - a chunk of flesh


   Skills:
 + Level 3.2 Fighting
 - Level 1.7 Short Blades
 + Level 8.5 Bows
 + Level 2.5 Armour
 + Level 3.3 Dodging
 + Level 2.0 Stealth


You had 5 spell levels left.
You didn't know any spells.

Dungeon Overview and Level Annotations

Branches:
Dungeon (5/15)
 Temple: D:4-7

Altars:
Hepliaklqana
Trog
Xom


Innate Abilities, Weirdness & Mutations

You have a pair of small horns on your head.
You have sharp toenails.
You are frail. (-10% HP)


Message History

The water moccasin is moderately wounded.
You feel sick. The water moccasin closely misses you.
The water moccasin bites you!
* * * LOW HITPOINT WARNING * * *
It was a potion of brilliance.
You feel clever all of a sudden.
* * * LOW HITPOINT WARNING * * *
You feel sick.
The water moccasin bites you but does no damage.
It was a potion of degeneration.
There was something very wrong with that liquid.
You feel weakened.
You feel dopey.
You feel clumsy.
* * * LOW HITPOINT WARNING * * *
You feel sick.
The water moccasin completely misses you.
It was a potion of mutation.
You feel extremely strange.
You feel frail.
Your toenails lengthen and sharpen.
A pair of horns grows on your head!
Your +0 helmet falls away!
You die...

#.....####.## #
#......##..# ##......#..##
#.........## ####
####.........## ##..#
####.............# ##....
#....##........#.# ##.....
#######.......##.###......
#..@....##..#.......
#...S..####.........
######## ##........
##....... #.......
##.....# #######


You could see a water moccasin.

Vanquished Creatures
  An ice beast (D:3)
  An ogre (D:4)
  A scorpion (D:4)
  A hound (D:4)
  An orc priest (D:4)
  A worker ant (D:4)
  Robin (D:2)
  3 gnolls (D:3)
  3 adders (D:2)
  6 worms
  3 dart slugs (D:3)
  14 orcs
  4 ball pythons
  2 giant cockroaches
  24 goblins
  7 hobgoblins
  3 jackals (D:3)
  6 kobolds
  2 quokkas
  9 bats
  4 frilled lizards
  A quokka skeleton (D:4)
  6 rats
104 creatures vanquished.

Vanquished Creatures (others)
  A wizard (D:3)
1 creature vanquished.

Grand Total: 105 creatures vanquished

Notes
Turn   | Place    | Note
-------+----------+-------------------------------------------
     0 | D:1      | McKennaii the High Elf Hunter began the quest for the Orb.
     0 | D:1      | Reached XP level 1. HP: 14/14 MP: 2/2
   325 | D:1      | Reached XP level 2. HP: 17/19 MP: 3/3
  1329 | D:2      | Reached skill level 6 in Bows
  1386 | D:2      | Reached XP level 3. HP: 11/25 MP: 4/4
  1828 | D:2      | Found a hazy altar of Hepliaklqana.
  1852 | D:2      | Reached skill level 1 in Short Blades
  2040 | D:3      | Reached XP level 4. HP: 30/30 MP: 5/5
  2177 | D:3      | Found a bloodstained altar of Trog.
  2180 | D:3      | Noticed a wizard
  2185 | D:3      | Killed a wizard
  2235 | D:3      | Found a shimmering altar of Xom.
  2501 | D:3      | Noticed Robin
  2502 | D:3      | Reached skill level 1 in Armour
  2669 | D:2      | Killed Robin
  3065 | D:3      | Reached XP level 5. HP: 35/35 MP: 6/6
  3210 | D:3      | Noticed an ice beast
  3518 | D:3      | Killed an ice beast
  3518 | D:3      | Reached skill level 7 in Bows
  3518 | D:3      | Reached XP level 6. HP: 25/42 MP: 4/7
  3958 | D:4      | Reached skill level 8 in Bows
  4680 | D:5      | Entered Level 5 of the Dungeon
  4682 | D:5      | Noticed a water moccasin
  4703 | D:4      | HP: 2/42 [poisoned by a water moccasin]
  4704 | D:4      | Gained mutation: You are frail. (-10% HP) [potion of mutation]
  4704 | D:4      | Gained mutation: You have sharp toenails. [potion of mutation]
  4704 | D:4      | Gained mutation: You have a pair of small horns on your head. [potion of mutation]
  4704 | D:4      | Succumbed to a water moccasin's poison

Skill      XL: |  1  2  3  4  5  6 |
---------------+-------------------+-----
Bows           | 6 7 8 |  8.5
Short Blades   | 1 |  1.7
Armour         | 1 2 |  2.5
Stealth        | 2 |  2.0
Fighting       | 3 |  3.2
Dodging        | 3 |  3.3

Action                   |  1- 3 |  4- 6 || total
-------------------------+-------+-------++-------
Melee: Short sword       |    59 |   190 ||   249
 Fire: Shortbow          |    79 |   110 ||   189
  Use: Potion            |       |     3 ||     3
 Stab: Sleeping          |     2 |       ||     2
       Distracted        |       |     1 ||     1
  Eat: Chunk             |     3 |     9 ||    12
Armor: Leather armour    |    20 |    85 ||   105
Dodge: Dodged            |    52 |   170 ||   222
